 Dungeon Crawl Stone Soup version 0.29.0-4-gdea44cf6ec (webtiles) character file.

Game seed: 12332981034481676316

20 qw the Chopper (level 2, 0/17 HPs)
             Began as a Tengu Warper on Aug 28, 2022.
             Succumbed to an adder's poison
             ... on level 2 of the Dungeon.
             The game lasted 00:00:04 (913 turns).

qw the Chopper (Tengu Warper)                        Turns: 913, Time: 00:00:05

Health: 0/17       AC:  3    Str: 11    XL:     2   Next: 79%
Magic:  6/6        EV: 11    Int: 13    God:
Gold:   119        SH:  0    Dex: 13    Spells: 5/5 levels left

rFire   + . .      SeeInvis .   Y - +0 hand axe
rCold   . . .      Faith    .   (no shield)
rNeg    . . .      Spirit   .   b - +0 leather armour
rPois   .          Reflect  .   (helmet restricted)
rElec   .          Harm     .   (no cloak)
rCorr   .          Rampage  .   (no gloves)
Will    .....                   (boots unavailable)
Stlth   +.........              (no amulet)
HPRegen 0.05/turn               e - ring of protection from fire
MPRegen 0.10/turn               (no ring)

@: lethally poisoned (0 -> -6)
A: beak, talons 3
a: no special abilities


You were on level 2 of the Dungeon.
You visited 1 branch of the dungeon, and saw 2 of its levels.

You collected 119 gold pieces.


Innate Abilities, Weirdness & Mutations

You have a beak for a mouth.
You have claws for feet.


   Skills:
 - Level 2.0 Fighting
 + Level 3.6 Axes
 - Level 1.0 Throwing
 - Level 1.1 Armour
 - Level 2.1 Dodging
 - Level 2.0 Spellcasting
 - Level 2.4 Translocations


You had 5 spell levels left.
You didn't know any spells.
Your spell library contained the following spells:

 Spells                   Type           Power      Damage    Failure   Level
 Blink                    Tloc           14%        N/A       19%         2
 Gell's Gravitas          Tloc           7%         N/A       36%         3
 Lesser Beckoning         Tloc           7%         N/A       36%         3
 Teleport Other           Tloc           7%         N/A       36%         3
 Manifold Assault         Tloc           7%         N/A       98%         5

Inventory:

Hand Weapons
 h - a +0 club
 Y - a +0 hand axe (weapon)
Armour
 b - a +0 leather armour (worn)
Jewellery
 e - a ring of protection from fire (left hand)
Potions
 d - a potion of flight {unknown}
 i - a potion of magic {unknown}
 k - a potion of berserk rage {unknown}

Dungeon Overview and Level Annotations

Branches:
Dungeon (2/15)

Altars:


Message History

You hit the jackal but do no damage. Your kick misses the jackal.
You peck the jackal, but do no damage.
The jackal is severely wounded.
You closely miss the jackal.
The jackal bites you but does no damage.
The jackal bites you.
The jackal bites you but does no damage.
You completely miss the jackal. Your peck misses the jackal.
You barely miss the jackal. The jackal misses you.
The jackal bites you but does no damage.
You hit the jackal. Your kick misses the jackal. Your peck misses the jackal.
The jackal is severely wounded.
You miss the jackal. The jackal bites you. The jackal barely misses you.
The jackal bites you but does no damage.
You closely miss the jackal. Your kick misses the jackal.
The jackal is severely wounded.
You hit the jackal. The jackal completely misses you.
The jackal barely misses you. The adder misses you.
The jackal bites you but does no damage.
The jackal barely misses you.
You barely miss the jackal. Your kick misses the jackal.
The jackal is severely wounded.
You hit the jackal. You hit the adder. The adder bites you.
You are poisoned.
The adder poisons you! The jackal bites you. x2
You barely miss the jackal.
The jackal is almost dead.
You closely miss the jackal. You barely miss the adder.
You feel sick.
The jackal bites you but does no damage.
The adder misses you. The jackal closely misses you. The jackal misses you.
The jackal closely misses you. The adder bites you.
You barely miss the jackal.
The jackal is almost dead.
You hit the adder but do no damage. You closely miss the jackal.
You die...

#.# #.#
#.# #.#
#.# #.#
#.#######
#........
#@h######
#Sh# hh.#
.?..#
..>..#
##..###
.$. ##..


You could see an adder and 4 jackals.

Vanquished Creatures
  2 giant cockroaches (D:1)
  3 goblins (D:1)
  A hobgoblin (D:1)
  3 jackals (D:1)
  2 kobolds (D:1)
  A quokka (D:1)
  3 ball pythons (D:1)
  A bat (D:1)
  2 rats (D:1)
18 creatures vanquished.

Notes
Turn   | Place    | Note
-------+----------+-------------------------------------------
     0 | D:1      | qw the Tengu Warper began the quest for the Orb.
     0 | D:1      | Reached XP level 1. HP: 12/12 MP: 4/4
     0 | D:1      | 0 ||| qw: Version: 0.1-a-89-g26bdef1
     0 | D:1      | 0 ||| qw: Game counter: 2948
     0 | D:1      | 0 ||| qw: Always use a shield: true
     0 | D:1      | 0 ||| qw: God list: Okawaru
     0 | D:1      | 0 ||| qw: Allow faded altars: false
     0 | D:1      | 0 ||| qw: Do Orc after D:15 true
     0 | D:1      | 0 ||| qw: Do second Lair branch before Depths: true
     0 | D:1      | 0 ||| qw: Lair rune preference: random
     0 | D:1      | 0 ||| qw: Plans: Normal
     0 | D:1      | 0 ||| PLANNING D:1-11
   270 | D:1      | 270 ||| Stepping ~*~*~tactically~*~*~ (stealth).
   277 | D:1      | 277 ||| Stepping ~*~*~tactically~*~*~ (stealth).
   278 | D:1      | 278 ||| Stepping ~*~*~tactically~*~*~ (stealth).
   286 | D:1      | Reached skill level 3 in Axes
   286 | D:1      | Reached XP level 2. HP: 12/17 MP: 6/6
   737 | D:1      | 737 ||| UPGRADING to ring of protection from fire.
   738 | D:1      | 738 ||| READING scroll labelled BUOLER LEWN.
   739 | D:1      | 739 ||| READING scroll labelled QOYSUG DOTEEH.
   743 | D:1      | 743 ||| READING scroll labelled ASUFEU FOEHEXU.
   744 | D:1      | 744 ||| READING scroll labelled SECWACZ WAYGI.
   881 | D:1      | 881 ||| DROPPING scroll of blinking.
   912 | D:2      | HP: 2/17 [adder (4)]
   913 | D:2      | Succumbed to an adder's poison

Levels and vault maps discovered:
D:1:      dpeg_arrival_simpleton_c, layout_loops_ring
D:2:      layout_basic, minmay_tiny_reverse_x

Skill      XL: |  1 |
---------------+----+-----
Axes           | 3 |  3.6
Fighting       | |  2.0
Throwing       | |  1.0
Armour         | |  1.1
Dodging        | |  2.1
Spellcasting   | |  2.0
Translocations | |  2.4

Action                   || total
-------------------------++-------
Melee: Hand axe          ||    42
       Peck              ||     7
       Kick              ||     8
Throw: Boomerang         ||     7
  Use: Scroll            ||     4
Armor: Leather armour    ||    18
Dodge: Dodged            ||    34

Table legend:
 A = Non-vault XP
 B = Vault XP
 C = Vault XP percentage of total XP
 D = Non-vault monster count
 E = Vault monster count
 F = Vault count percentage of total count
                 A         B        C        D         E       F
            +---------+---------+-------+---------+---------+-------
      Total |      29 |       0 |   0.0 |      18 |       0 |   0.0
            +---------+---------+-------+---------+---------+-------
        D:1 |      29 |       0 |   0.0 |      18 |       0 |   0.0
            +---------+---------+-------+---------+---------+-------
